[ PARTIDA AOE2 · #495090951 ]
UnrankedMalayos vs Teutons
Equipo del jugador · VICT
Equipo rival · DERR
[ ANÁLISIS DE REPETICIÓN · EXTRAÍDO DE LA PARTIDA GRABADA ]
Feudal
9:45
Castillos
14:33
Imperial
34:16
| APM promedio | 28.4 |
| APM pico | 69 |
| eAPM promedio | 16.8 |
| Aldeanos / militares | 119 / 163 |
Foco
⚔️ 36.5% · 🌾 63.5%
Spearman ×46 · Militia ×45 · Battle Elephant ×23 · Karambit Warrior ×17 · Monk ×10 · Trebuchet (Packed) ×10
Feudal
11:15
Castillos
27:21
Imperial
44:57
| APM promedio | 54.3 |
| APM pico | 130 |
| eAPM promedio | 25.8 |
| Aldeanos / militares | 96 / 81 |
Foco
⚔️ 27.6% · 🌾 72.4%
Spearman ×34 · Knight ×28 · Teutonic Knight ×7 · Trebuchet (Packed) ×5 · Monk ×4 · Militia ×3
Mapa de la partida
Recursos iniciales + cada clic de construcción. Líneas = muros · curvas = relieve. ◆ oro · ⬟ piedra · ● bayas · ✦ reliquia · ◌ hueco del cierre
Tu base· Abierta — hueco de 6t
Base de Koslow· Abierta — flanco sin cerrar
Terreno inicial suavizado · ◌ = hueco del cierre detectado · pasá el cursor para detalles
Inputs por minuto
— LOMBANA FC3797 - - Koslow
Build order — LOMBANA FC3797
Primeras 150 de 452 acciones detectadas
| 0:19 | Construir | Town Center |
| 1:31 | Crear | Villager (Male) |
| 1:31 | Crear | Villager (Male) |
| 1:32 | Crear | Villager (Male) |
| 1:32 | Crear | Villager (Male) |
| 1:32 | Crear | Villager (Male) |
| 2:14 | Crear | Villager (Male) |
| 2:14 | Crear | Villager (Male) |
| 2:52 | Crear | Villager (Male) |
| 2:52 | Crear | Villager (Male) |
| 2:56 | Investigar | Loom |
| 2:57 | Crear | Villager (Male) |
| 2:57 | Crear | Villager (Male) |
| 3:18 | Construir | Lumber Camp |
| 3:32 | Crear | Villager (Male) |
| 3:33 | Crear | Villager (Male) |
| 3:54 | Crear | Villager (Male) |
| 3:55 | Crear | Villager (Male) |
| 3:55 | Crear | Villager (Male) |
| 4:24 | Crear | Villager (Male) |
| 4:25 | Crear | Villager (Male) |
| 4:43 | Crear | Villager (Male) |
| 4:44 | Crear | Villager (Male) |
| 5:39 | Crear | Villager (Male) |
| 5:39 | Crear | Villager (Male) |
| 6:20 | Construir | House |
| 6:21 | Construir | House |
| 6:25 | Crear | Villager (Male) |
| 6:25 | Crear | Villager (Male) |
| 6:26 | Crear | Villager (Male) |
| 7:26 | Crear | Villager (Male) |
| 7:37 | Construir | Barracks |
| 7:42 | Construir | Mill |
| 8:27 | Investigar | Feudal Age |
| 9:45 | Edad | Edad Feudal |
| 9:46 | Crear | Villager (Male) |
| 9:49 | Crear | Villager (Male) |
| 10:01 | Construir | Archery Range |
| 10:13 | Construir | Blacksmith |
| 10:25 | Crear | Villager (Male) |
| 10:56 | Crear | Villager (Male) |
| 11:27 | Construir | Farm |
| 11:29 | Construir | Farm |
| 11:29 | Construir | Farm |
| 11:40 | Construir | Farm |
| 11:48 | Crear | Archer |
| 11:59 | Construir | Farm |
| 12:23 | Crear | Villager (Male) |
| 12:52 | Construir | Watch Tower |
| 12:57 | Investigar | Castle Age |
| 13:12 | Construir | House |
| 13:13 | Construir | House |
| 13:24 | Construir | House |
| 13:49 | Construir | Stable |
| 14:03 | Investigar | Scale Barding Armor |
| 14:33 | Edad | Edad de los Castillos |
| 14:33 | Construir | Farm |
| 14:38 | Crear | Villager (Male) |
| 14:58 | Crear | Battle Elephant |
| 14:58 | Crear | Battle Elephant |
| 14:59 | Crear | Battle Elephant |
| 15:14 | Construir | Farm |
| 15:21 | Construir | Farm |
| 15:45 | Crear | Battle Elephant |
| 15:45 | Crear | Battle Elephant |
| 15:46 | Crear | Battle Elephant |
| 15:52 | Construir | Farm |
| 16:47 | Crear | Battle Elephant |
| 16:47 | Crear | Battle Elephant |
| 16:47 | Crear | Battle Elephant |
| 17:06 | Construir | Monastery |
| 17:28 | Crear | Battle Elephant |
| 17:49 | Crear | Battle Elephant |
| 18:19 | Crear | Monk |
| 18:20 | Crear | Monk |
| 18:52 | Crear | Battle Elephant |
| 18:53 | Crear | Battle Elephant |
| 19:15 | Investigar | Husbandry |
| 19:16 | Crear | Battle Elephant |
| 19:45 | Construir | Town Center |
| 20:02 | Crear | Monk |
| 20:14 | Crear | Battle Elephant |
| 20:14 | Crear | Battle Elephant |
| 20:17 | Crear | Villager (Male) |
| 20:17 | Crear | Villager (Male) |
| 20:30 | Construir | House |
| 20:32 | Construir | House |
| 21:23 | Crear | Villager (Male) |
| 21:24 | Crear | Villager (Male) |
| 21:24 | Crear | Villager (Male) |
| 21:36 | Crear | Monk |
| 21:49 | Investigar | Double-Bit Axe |
| 22:11 | Construir | Farm |
| 22:11 | Construir | Farm |
| 22:11 | Construir | Farm |
| 22:42 | Investigar | Forging |
| 22:46 | Construir | Farm |
| 22:51 | Construir | Farm |
| 22:52 | Construir | Farm |
| 22:57 | Construir | Town Center |
| 24:05 | Crear | Monk |
| 24:06 | Crear | Monk |
| 24:32 | Crear | Knight |
| 24:33 | Crear | Knight |
| 24:42 | Crear | Villager (Male) |
| 24:43 | Crear | Villager (Male) |
| 24:43 | Crear | Villager (Male) |
| 24:46 | Investigar | Wheelbarrow |
| 25:23 | Crear | Villager (Male) |
| 25:24 | Crear | Villager (Male) |
| 26:12 | Crear | Villager (Male) |
| 26:12 | Crear | Villager (Male) |
| 26:14 | Investigar | Redemption |
| 26:22 | Crear | Battle Elephant |
| 26:37 | Crear | Villager (Male) |
| 26:37 | Crear | Villager (Male) |
| 26:37 | Crear | Villager (Male) |
| 26:38 | Crear | Villager (Male) |
| 26:38 | Crear | Villager (Male) |
| 26:42 | Construir | Farm |
| 27:13 | Crear | Villager (Male) |
| 27:13 | Crear | Villager (Male) |
| 27:13 | Crear | Villager (Male) |
| 27:17 | Construir | Farm |
| 27:17 | Construir | Farm |
| 27:20 | Construir | Farm |
| 27:21 | Construir | Farm |
| 27:22 | Crear | Villager (Male) |
| 27:22 | Crear | Villager (Male) |
| 27:38 | Crear | Monk |
| 27:56 | Crear | Villager (Male) |
| 27:57 | Crear | Villager (Male) |
| 27:57 | Crear | Villager (Male) |
| 27:58 | Crear | Villager (Male) |
| 28:15 | Crear | Monk |
| 28:18 | Crear | Spearman |
| 28:45 | Construir | House |
| 28:46 | Construir | House |
| 28:55 | Crear | Battle Elephant |
| 29:45 | Construir | Mining Camp |
| 29:51 | Crear | Villager (Male) |
| 29:53 | Crear | Villager (Male) |
| 30:00 | Construir | Farm |
| 30:00 | Construir | Farm |
| 30:08 | Construir | Siege Workshop |
| 30:13 | Crear | Villager (Male) |
| 30:13 | Crear | Villager (Male) |
| 30:15 | Crear | Villager (Male) |
| 30:15 | Crear | Villager (Male) |
| 30:23 | Crear | Knight |
Build order — Koslow
Primeras 150 de 291 acciones detectadas
| 0:28 | Construir | Town Center |
| 1:29 | Crear | Villager (Male) |
| 1:30 | Crear | Villager (Male) |
| 1:30 | Crear | Villager (Male) |
| 1:30 | Crear | Villager (Male) |
| 2:36 | Crear | Villager (Male) |
| 2:36 | Crear | Villager (Male) |
| 3:12 | Crear | Villager (Male) |
| 3:38 | Construir | Lumber Camp |
| 3:49 | Crear | Villager (Male) |
| 3:49 | Crear | Villager (Male) |
| 3:49 | Crear | Villager (Male) |
| 4:55 | Crear | Villager (Male) |
| 4:55 | Crear | Villager (Male) |
| 4:55 | Crear | Villager (Male) |
| 5:31 | Investigar | Loom |
| 5:32 | Crear | Villager (Male) |
| 5:32 | Crear | Villager (Male) |
| 6:19 | Construir | Mill |
| 6:32 | Construir | House |
| 6:43 | Crear | Villager (Male) |
| 6:44 | Crear | Villager (Male) |
| 7:31 | Construir | Mining Camp |
| 7:45 | Construir | Mining Camp |
| 7:50 | Crear | Villager (Male) |
| 7:50 | Crear | Villager (Male) |
| 7:50 | Crear | Villager (Male) |
| 8:10 | Crear | Villager (Male) |
| 8:31 | Construir | Mill |
| 8:52 | Construir | House |
| 9:02 | Investigar | Feudal Age |
| 9:40 | Crear | Villager (Male) |
| 9:40 | Crear | Villager (Male) |
| 10:50 | Crear | Villager (Male) |
| 10:51 | Crear | Villager (Male) |
| 10:51 | Crear | Villager (Male) |
| 11:06 | Construir | Barracks |
| 11:15 | Edad | Edad Feudal |
| 11:30 | Construir | Watch Tower |
| 11:32 | Investigar | Man-at-Arms (upgrade) |
| 11:38 | Crear | Villager (Male) |
| 11:38 | Crear | Villager (Male) |
| 12:11 | Construir | Blacksmith |
| 12:35 | Construir | Watch Tower |
| 12:37 | Investigar | Fletching |
| 12:51 | Construir | House |
| 12:55 | Crear | Villager (Male) |
| 12:55 | Crear | Villager (Male) |
| 13:22 | Construir | Mining Camp |
| 13:24 | Crear | Militia |
| 13:24 | Crear | Militia |
| 14:02 | Construir | House |
| 14:13 | Investigar | Arson |
| 14:27 | Crear | Villager (Male) |
| 14:28 | Crear | Villager (Male) |
| 14:42 | Construir | Watch Tower |
| 14:47 | Crear | Militia |
| 15:43 | Crear | Villager (Male) |
| 15:43 | Crear | Villager (Male) |
| 15:52 | Construir | Mill |
| 16:06 | Crear | Spearman |
| 16:06 | Crear | Spearman |
| 16:07 | Crear | Spearman |
| 16:14 | Investigar | Scale Mail Armor |
| 16:57 | Crear | Spearman |
| 16:57 | Crear | Spearman |
| 17:15 | Crear | Spearman |
| 17:15 | Crear | Spearman |
| 17:30 | Construir | Watch Tower |
| 17:46 | Crear | Villager (Male) |
| 17:46 | Crear | Villager (Male) |
| 17:46 | Crear | Villager (Male) |
| 17:53 | Construir | Farm |
| 17:54 | Construir | Farm |
| 17:54 | Construir | Farm |
| 17:54 | Construir | Farm |
| 17:54 | Construir | Farm |
| 17:55 | Construir | Farm |
| 18:15 | Construir | Watch Tower |
| 18:22 | Construir | House |
| 18:25 | Investigar | Wheelbarrow |
| 18:48 | Construir | Watch Tower |
| 18:51 | Crear | Spearman |
| 18:51 | Crear | Spearman |
| 18:51 | Crear | Spearman |
| 19:17 | Crear | Spearman |
| 19:17 | Crear | Spearman |
| 19:29 | Crear | Villager (Male) |
| 19:30 | Crear | Villager (Male) |
| 20:02 | Construir | Watch Tower |
| 20:21 | Crear | Villager (Male) |
| 20:22 | Crear | Villager (Male) |
| 20:35 | Construir | House |
| 20:48 | Investigar | Town Watch |
| 20:52 | Construir | House |
| 21:45 | Construir | Barracks |
| 22:01 | Crear | Villager (Male) |
| 22:01 | Crear | Villager (Male) |
| 22:02 | Crear | Villager (Male) |
| 22:02 | Crear | Villager (Male) |
| 22:13 | Construir | Mining Camp |
| 22:20 | Construir | Mining Camp |
| 22:24 | Crear | Spearman |
| 22:24 | Crear | Spearman |
| 22:24 | Crear | Spearman |
| 22:31 | Investigar | Forging |
| 22:56 | Crear | Spearman |
| 23:16 | Construir | Market |
| 24:01 | Crear | Spearman |
| 24:01 | Crear | Spearman |
| 24:37 | Construir | Watch Tower |
| 24:41 | Investigar | Castle Age |
| 25:00 | Construir | Barracks |
| 25:33 | Crear | Spearman |
| 25:44 | Crear | Spearman |
| 25:45 | Crear | Spearman |
| 25:45 | Crear | Spearman |
| 26:02 | Construir | Mining Camp |
| 26:10 | Crear | Spearman |
| 26:28 | Construir | Stone Wall |
| 26:34 | Construir | Stone Wall |
| 26:42 | Crear | Spearman |
| 26:42 | Crear | Spearman |
| 26:53 | Crear | Spearman |
| 26:53 | Crear | Spearman |
| 27:08 | Construir | Stone Wall |
| 27:20 | Construir | Lumber Camp |
| 27:21 | Edad | Edad de los Castillos |
| 27:34 | Investigar | Pikeman (upgrade) |
| 27:36 | Crear | Villager (Male) |
| 27:36 | Crear | Villager (Male) |
| 27:36 | Crear | Villager (Male) |
| 27:41 | Crear | Spearman |
| 27:42 | Crear | Spearman |
| 28:14 | Construir | Castle |
| 28:51 | Crear | Spearman |
| 28:52 | Crear | Spearman |
| 28:59 | Crear | Villager (Male) |
| 29:50 | Construir | Monastery |
| 30:01 | Crear | Villager (Male) |
| 30:17 | Crear | Monk |
| 30:47 | Crear | Villager (Male) |
| 30:56 | Construir | Farm |
| 30:56 | Construir | Farm |
| 30:57 | Construir | Farm |
| 31:15 | Construir | Market |
| 31:44 | Crear | Villager (Male) |
| 31:53 | Crear | Villager (Male) |
| 31:53 | Crear | Villager (Male) |
| 32:12 | Crear | Villager (Male) |
Cronología de la partida
| 7:37 | LOMBANA FC3797 · first_building Barracks |
| 9:45 | LOMBANA FC3797 · age_up feudal |
| 10:01 | LOMBANA FC3797 · first_building Archery Range |
| 11:06 | Koslow · first_building Barracks |
| 11:15 | Koslow · age_up feudal |
| 13:49 | LOMBANA FC3797 · first_building Stable |
| 14:33 | LOMBANA FC3797 · age_up castle |
| 17:06 | LOMBANA FC3797 · first_building Monastery |
| 26:28 | Koslow · wall_segment Stone Wall x1 |
| 26:34 | Koslow · wall_segment Stone Wall x1 |
| 27:08 | Koslow · wall_segment Stone Wall x1 |
| 27:21 | Koslow · age_up castle |
| 28:14 | Koslow · first_building Castle |
| 29:50 | Koslow · first_building Monastery |
| 30:08 | LOMBANA FC3797 · first_building Siege Workshop |
| 31:36 | LOMBANA FC3797 · first_market_buy 100 food |
| 31:38 | LOMBANA FC3797 · first_market_sell 100 wood |
| 31:50 | Koslow · first_market_buy 100 food |
| 33:12 | LOMBANA FC3797 · first_building Castle |
| 34:16 | LOMBANA FC3797 · age_up imperial |
| 36:40 | Koslow · first_building Stable |
| 44:57 | Koslow · age_up imperial |
| 45:19 | Koslow · wall_segment Stone Wall x1 |
| 49:44 | Koslow · first_market_sell 100 food |
| 52:32 | Koslow · resign |
[ ANÁLISIS IA · 1 CRÉDITO ]
¿Qué pasó realmente en esta partida?
Wolo.gg analiza cada decisión: build order, eco, micro, errores típicos por bracket. Análisis personalizado por WhatsApp o Discord en 30 segundos.
Guía civ
Malayos
Perfil
LOMBANA FC3797